 Dungeon Crawl Stone Soup version 0.31-a0-865-g3d5d91748a (webtiles) character file.

Game seed: 7092130413800411248

152 Flugkiller the Slasher (level 5, -8/32 HPs)
             Began as a Deep Elf Fighter on Oct 11, 2023.
             Killed by divine providence
             ... invoked by an orc priest
              (13 damage)
             ... on level 3 of the Dungeon.
             The game lasted 00:02:25 (2055 turns).

Flugkiller the Slasher (Deep Elf Fighter)           Turns: 2055, Time: 00:02:26

Health: -8/32      AC: 17    Str: 13    XL:     5   Next: 11%
Magic:  7/7        EV:  8    Int: 13    God:
Gold:   115        SH:  5    Dex: 16    Spells: 4/4 levels left

rFire   . . .        l - +1 falchion (protect)
rCold   . . .        c - +0 buckler
rNeg    . . .        b - +0 scale mail
rPois   .            (no helmet)
rElec   .            (no cloak)
rCorr   .            (no gloves)
SInv    .            (no boots)
Will    .....        (no amulet) Stlth
                     p - +4 ring of protection
HPRegen 0.25/turn    (no ring)
MPRegen 0.10/turn

%: no passive effects
@: under a protective aura
A: no striking features
a: no special abilities


You were on level 3 of the Dungeon.
You visited 1 branch of the dungeon, and saw 3 of its levels.

You collected 170 gold pieces.
You spent 55 gold pieces at shops.

Inventory:

Hand Weapons
 a - a +0 long sword
 l - a +1 falchion of protection (weapon)
   (You found it on level 2 of the Dungeon)
Armour
 b - a +0 scale mail (worn)
 c - a +0 buckler (worn)
 h - a +0 cloak
   (You found it on level 2 of the Dungeon)
 k - a +0 pair of gloves
   (You found it on level 2 of the Dungeon)
Jewellery
 j - a +4 ring of slaying
   (You found it on level 1 of the Dungeon)
 p - a +4 ring of protection (left hand)
   (You found it on level 2 of the Dungeon)
Scrolls
 e - 5 scrolls of teleportation {unknown}
 f - 2 scrolls of blinking {unknown}
 g - a scroll of revelation {unknown}
 i - a scroll of fear {unknown}
 q - 2 scrolls of identify {unknown}
Potions
 d - 4 potions of might
 m - 2 potions of magic {unknown}
 n - a potion of curing {unknown}
 o - a potion of lignification {unknown}
 r - a potion of brilliance {unknown}
 w - a potion of heal wounds


   Skills:
 + Level 3.0 Fighting
 + Level 4.4 Long Blades
 - Level 2.4 Armour
 - Level 2.4 Shields


You had 4 spell levels left.
You didn't know any spells.
Your spell library contained the following spells:

 Spells                   Type           Power      Damage    Failure   Level
 Poisonous Vapours        Pois/Air       0%         N/A       96%         2
 Mephitic Cloud           Conj/Pois/Air  0%         N/A       99%         3
 Freezing Cloud           Conj/Ice/Air   0%         6-21      100%        5


Dungeon Overview and Level Annotations

Branches:
Dungeon (3/15) Zot: 15902

Altars:

Shops:
D:2 !


Message History

You hit the orc.
The orc is almost dead.
The ball python completely misses you. The ball python constricts you.
The goblin hits you but does no damage. You block the orc's attack.
The ball python bites you but does no damage.
The ball python constricts you.
You hit the orc.
You kill the orc!
You block the ball python's attack. The ball python constricts you.
You block the goblin's attack.
You closely miss the goblin.
The ball python bites you but does no damage.
The ball python constricts you. The goblin hits you but does no damage.
The ball python barely misses you. The ball python constricts you.
You closely miss the goblin. The goblin closely misses you.
The ball python bites you but does no damage.
The ball python constricts you.
You slash the goblin!
You kill the goblin!
The ball python bites you but does no damage.
The ball python constricts you.
You escape the ball python's grasp.
You block the ball python's attack. The ball python grabs you.
The ball python constricts you.
Items here: $ )) †.
You hit the ball python but do no damage.
The ball python bites you but does no damage.
The ball python constricts you.
You closely miss the ball python. You block the ball python's attack.
The ball python constricts you. The ball python bites you.
The ball python constricts you.
You slash the ball python!
You kill the ball python!
You see here a +0 dagger.
You start resting.
HP restored.
You now have enough gold to buy a potion of haste on D:2.
You can access your shopping list by pressing '$'.
You now have 115 gold pieces (gained 11).
Things that are here:
a +0 club; a +0 whip; an orc corpse A rat comes into view.
A rat is nearby!
Found a puce potion.
The rat bites you but does no damage.
You hit the rat.
Your weapon exudes an aura of protection.
You kill the rat!
No target in view!
r - a puce potion A ball python comes into view.
The ball python hisses angrily.
You see here a book of Dreams.
You barely miss the ball python. The ball python bites you.
The ball python barely misses you.
You hit the ball python.
Your weapon exudes an aura of protection.
The ball python is severely wounded.
The ball python bites you but does no damage.
The ball python grabs you. The ball python constricts you.
You slash the ball python!
You kill the ball python!
The orc priest shouts!
A quokka comes into view.
The orc priest hits you but does no damage.
You barely miss the orc priest. You block the orc priest's attack.
You hit the orc priest.
The orc priest is lightly wounded.
The orc priest miscasts a cantrip.
You barely miss the orc priest.
The orc priest is lightly wounded.
The orc priest hits you with a +0 short sword.
The quokka closely misses you.
The orc priest invokes the aid of Beogh against you.
Beogh smites you!
You closely miss the orc priest.
The orc priest is lightly wounded.
The quokka closely misses you.
The quokka bites you but does no damage.
You block the orc priest's attack.
You closely miss the orc priest.
The orc priest is lightly wounded.
The quokka bites you but does no damage.
The orc priest miscasts a cantrip.
You hit the orc priest.
The orc priest is heavily wounded.
The quokka bites you but does no damage.
The orc priest looks satisfied for a moment.
You hit the orc priest.
The orc priest is almost dead.
You block the quokka's attack.
The orc priest invokes the aid of Beogh against you.
Beogh smites you!
* * * LOW HITPOINT WARNING * * *
The quokka bites you but does no damage.
Unknown command.
You hit the orc priest.
The orc priest is almost dead.
The orc priest invokes the aid of Beogh against you.
Beogh smites you!
You die...

.......#....)... .....
.......#.......
.......#.....#..
.......#.....# ##
.......#.....########...
.......#................
........................
.......#.#....:†....#
.......#.#......@r..#
.......#.#......:o..#
.......#.#########..#
.......#.# ..#
########.# ## #.# ###


You could see an orc priest and a quokka.

Vanquished Creatures
  An orc priest (D:3)
  An orc wizard (D:3)
  3 adders (D:2)
  A worm (D:3)
  3 dart slugs
  3 orcs
  11 ball pythons
  3 bats
  4 endoplasms
  2 giant cockroaches (D:1)
  2 goblins
  2 hobgoblins (D:1)
  11 jackals
  4 kobolds
  A quokka (D:1)
  2 frilled lizards
  2 rats (D:3)
56 creatures vanquished.

Notes
Turn   | Place    | Note
-------+----------+-------------------------------------------
     0 | D:1      | Flugkiller the Deep Elf Fighter began the quest for the
                  | Orb.
     0 | D:1      | Reached XP level 1. HP: 13/13 MP: 3/3
    83 | D:1      | Reached skill level 2 in Long Blades
   107 | D:1      | Reached XP level 2. HP: 15/18 MP: 4/4
   259 | D:1      | Reached skill level 3 in Long Blades
   428 | D:1      | Reached XP level 3. HP: 22/22 MP: 5/5
   563 | D:2      | Found Coinoes's Distillery.
  1226 | D:2      | Reached XP level 4. HP: 27/27 MP: 6/6
  1342 | D:3      | Reached skill level 4 in Long Blades
  1737 | D:2      | Bought a potion of heal wounds for 55 gold pieces
  1927 | D:3      | Reached XP level 5. HP: 16/32 MP: 7/7
  2055 | D:3      | Killed from afar by an orc priest

Illustrated notes

Levels and vault maps discovered:
D:1:      dpeg_arrival_shelter, layout_basic,
          nicolae_concentric_dashed_squares_wild, hangedman_decor_push
D:2:      layout_basic, serial_shops, nicolae_shop_industrial_runoff
D:3:      layout_basic, nicolae_overflow_hidden_temple,
          shapermc_ecumenical_altar_pompeii

Skill      XL: |  1  2  3  4 |
---------------+-------------+-----
Long Blades    | 2 3 4 |  4.4
Fighting       | 3 |  3.0
Armour         | |  2.4
Shields        | |  2.4

Action                     |  1- 3 |  4- 6 || total
---------------------------+-------+-------++-------
  Melee: Long sword        |    65 |       ||    65
         Falchion          |    51 |    64 ||   115
 Armour: Scale mail        |    87 |    52 ||   139
  Dodge: Dodged            |    58 |    19 ||    77
  Block: Buckler           |    27 |    17 ||    44

Table legend: (Time is in decaauts)
 A = Elapsed time spent in this place.
 B = Non-inter-level travel time spent in this place.
 C = Inter-level travel time spent in this place.
 D = Time resting spent in this place.
 E = Time spent auto-exploring this place.
 F = Levels seen in this place.
 G = Mean time per level.
                   A        B        C        D        E       F      G
               +--------+--------+--------+--------+--------+-----+--------+
         Total |   2096 |   1923 |    173 |    238 |   1205 |   3 |  698.7 |
       Dungeon |   2096 |   1923 |    173 |    238 |   1205 |   3 |  698.7 |
               +--------+--------+--------+--------+--------+-----+--------+

Top non-repeatable levels by time:
     D:2: 894 daAuts
     D:3: 624 daAuts
     D:1: 578 daAuts
